 Dungeon Crawl Stone Soup version 0.30-a0-918-g0ff054e9dc (webtiles) character file.

Game seed: 13404832887757634906

3203 cheesebisquit the Grappler (level 9, 0/97 HPs)
             Began as a Troll Fighter on Mar 20, 2023.
             Slain by Erica
             ... wielding a +4 scimitar of flaming
              (12 damage)
             ... on level 8 of the Dungeon.
             The game lasted 00:22:38 (7877 turns).

cheesebisquit the Grappler (Troll Fighter)          Turns: 7877, Time: 00:22:38

Health: 0/97       AC:  6    Str: 36    XL:     9   Next: 65%
Magic:  8/8        EV:  8    Int:  4    God:
Gold:   446        SH:  8    Dex:  9    Spells: 8/8 levels left

rFire   . . .      SeeInvis .      - Unarmed
rCold   . . .      Faith    .    b - +1 kite shield
rNeg    . . .      Spirit   .    B - +0 animal skin
rPois   .          Reflect  .    (helmet restricted)
rElec   .          Rampage  .    t - +1 cloak
rCorr   +                        (gloves unavailable)
Will    .....                    (boots unavailable)
Stlth   +                        (no amulet)
HPRegen 1.16/turn                n - ring of resist corrosion
MPRegen 0.11/turn                h - +6 ring of strength

@: mighty, slowed, very slow
A: large, unfitting armour, claws 3, regeneration 1, shaggy fur 1, tough skin 1
a: no special abilities


You were on level 8 of the Dungeon.
You visited 2 branches of the dungeon, and saw 9 of its levels.
You also visited: Sewer.

You collected 446 gold pieces.

Inventory:

Hand Weapons
 c - a +0 giant spiked club
Missiles
 i - 33 poisoned darts
 l - 97 stones (quivered)
 o - 12 atropa-tipped darts
 H - a curare-tipped dart
Armour
 b - a +1 kite shield (worn)
 t - a +1 cloak (worn)
 B - a +0 animal skin (worn)
Jewellery
 h - a +6 ring of strength (right claw)
 n - a ring of resist corrosion (left claw)
 w - a +6 ring of intelligence
 I - a ring of flight
Wands
 v - a wand of polymorph (8)
 J - a wand of flame (9)
Scrolls
 a - 3 scrolls of acquirement {unknown}
 g - 2 scrolls of noise {unknown}
 p - a scroll of silence {unknown}
 q - a scroll of amnesia {unknown}
 s - a scroll of summoning {unknown}
 u - 2 scrolls of teleportation
 x - a scroll of magic mapping {unknown}
 y - a scroll of torment {unknown}
 C - 4 scrolls of identify
 F - a scroll of brand weapon {unknown}
 G - a scroll of enchant armour
 L - a scroll of blinking {unknown}
Potions
 d - 2 potions of curing
 e - 3 potions of degeneration
 f - 2 potions of attraction
 k - 4 potions of brilliance
 m - a potion of lignification {unknown}
 r - 4 potions of mutation {unknown}
 z - 2 potions of invisibility {unknown}
 A - 2 potions of magic {unknown}
 D - a potion of cancellation {unknown}
 E - 2 potions of resistance {unknown}
 K - a potion of ambrosia {unknown}


   Skills:
 + Level 8.5 Fighting
 - Level 2.4 Dodging
 - Level 2.6 Shields
 + Level 9.9 Unarmed Combat


You had 8 spell levels left.
You didn't know any spells.
Your spell library contained the following spells:

 Spells                   Type           Power      Damage    Failure   Level
 Beastly Appendage        Tmut           0%         N/A       80%         1
 Summon Small Mammal      Summ           0%         N/A       80%         1
 Sublimation of Blood     Necr           0%         N/A       91%         2
 Wereblood                Tmut           0%         N/A       91%         2
 Call Canine Familiar     Summ           0%         N/A       99%         3
 Dazzling Flash           Conj/Hex       0%         N/A       99%         3
 Spider Form              Tmut/Pois      0%         N/A       99%         3
 Summon Guardian Golem    Hex/Summ       0%         N/A       99%         3
 Iskenderun's Mystic Bla  Conj/Tloc      0%         2d3       100%        4
 Starburst                Conj/Fire      0%         6d3       100%        6
 Summon Hydra             Summ           0%         N/A       100%        7


Dungeon Overview and Level Annotations

Branches:
Dungeon (8/15)             Temple (1/1) D:7           Sewer (visited)
   Lair: D:8-11

Altars:
Ashenzari
Cheibriados
Dithmenos
Elyvilon
Gozag
Kikubaaqudgha
Makhleb
Nemelex Xobeh
Qazlal
Ru
Sif Muna
Trog
Vehumet
Wu Jian
Xom
Yredelemnul
Zin
The Shining One

Annotations:
D:8 Erica, Maurice


Innate Abilities, Weirdness & Mutations

You are too large for most types of armour.
You have claws for hands.
Your natural rate of healing is unusually fast.
You are covered in fur. (AC +1)
You have tough skin. (AC +1)


Message History

You feel very sick.
The sky beast flickers out of sight!
The killer bee stings you.
You feel better. The killer bee stings you. You block the killer bee's attack.
You mangle the killer bee!!
You kill the killer bee!
The killer bee stings you.
You miss the killer bee. You block the killer bee's attack. x2
You feel very mighty all of a sudden. You block the killer bee's attack.
The killer bee stings you but does no damage.
You closely miss the killer bee. The killer bee barely misses you.
The killer bee closely misses you.
You mangle the killer bee!!
You kill the killer bee!
You mangle something!! You barely miss something.
A sky beast appears from thin air!
Reactivating autopickup.
A kobold comes into view. It is wielding a +0 dagger.
You hear some strange, mumbled words.
Deactivating autopickup; reactivate with Ctrl-A.
Something tries to affect you, but you resist.
You mangle something!!
You hear some strange, mumbled words.
A lance of force appears from out of thin air!
The lance of force hits you!
You are knocked back by the lance of force.
You slam into the rock wall!
Something hits you!
* * * LOW HITPOINT WARNING * * *
Something burns you.
* * * LOW HITPOINT WARNING * * *
You feel better.
You hear some strange, mumbled words.
You feel yourself slow down.
You barely miss something. Something hits you!
* * * LOW HITPOINT WARNING * * *
Something burns you.
* * * LOW HITPOINT WARNING * * *
Something hits you!
You die... .. ...## .. ...# .....## y#...## .yKKK yyY

#y# #<#
## #@#
##...##.#
........#
##...####
##. #


You could see a sky beast, a kobold brigand, 4 killer bees and a kobold.

Vanquished Creatures
  Prince Ribbit (D:6)
  A water moccasin (D:3)
  Duvessa (D:5)
  2 orc warriors (D:7)
  A sky beast (D:5)
  2 black bears
  2 ogres
  A centaur (D:5)
  2 phantoms
  3 kobold brigands
  Blork the orc (D:4)
  A bullfrog (D:6)
  2 scorpions (D:5)
  A gnoll sergeant (D:7)
  A wight (D:7)
  Dowan (D:5)
  4 killer bees (D:8)
  3 electric eels (D:6)
  2 howler monkeys
  A jelly (D:6)
  2 orc priests
  6 hounds
  3 iguanas
  A sleepcap (D:7)
  7 orc wizards
  4 gnolls (D:7)
  11 adders
  7 river rats (Sewer)
  3 white imps
  2 worms
  6 dart slugs
  17 orcs
  10 endoplasms
  6 giant cockroaches
  16 goblins
  11 hobgoblins
  13 jackals
  8 quokkas
  12 ball pythons
  13 bats
  4 frilled lizards
  31 kobolds
  25 rats
251 creatures vanquished.

Vanquished Creatures (others)
  A butterfly (D:7)
  12 plants (D:6)
13 creatures vanquished.

Grand Total: 264 creatures vanquished

Notes
Turn   | Place    | Note
-------+----------+-------------------------------------------
     0 | D:1      | cheesebisquit the Troll Fighter began the quest for the
                  | Orb.
     0 | D:1      | Reached XP level 1. HP: 22/22 MP: 0/0
   138 | D:1      | Reached XP level 2. HP: 29/29 MP: 1/1
   690 | D:1      | Reached XP level 3. HP: 37/37 MP: 2/2
   776 | D:1      | Reached skill level 3 in Unarmed Combat
  1133 | D:2      | Found a broken altar of Ashenzari.
  1228 | D:2      | Reached XP level 4. HP: 45/45 MP: 3/3
  1703 | D:3      | Found a faded altar of an unknown god.
  2318 | D:3      | Reached skill level 4 in Unarmed Combat
  2318 | D:3      | Reached XP level 5. HP: 54/54 MP: 4/4
  2325 | D:3      | Noticed a phantom
  2337 | D:3      | Killed a phantom
  2717 | D:4      | Noticed an ogre
  2723 | D:3      | Killed an ogre
  2724 | D:3      | Reached XP level 6. HP: 50/63 MP: 5/5
  2840 | D:4      | Reached skill level 5 in Unarmed Combat
  2973 | D:4      | Found a radiant altar of Vehumet.
  3036 | D:4      | Found an opulent altar of Gozag.
  3214 | D:4      | Noticed a water moccasin
  3289 | D:3      | Killed a water moccasin
  3290 | D:3      | Reached skill level 5 in Fighting
  3290 | D:3      | Reached XP level 7. HP: 66/72 MP: 6/6
  3497 | D:5      | Entered Level 5 of the Dungeon
  3497 | D:5      | Noticed Duvessa
  3497 | D:5      | Noticed Dowan
  3525 | D:5      | Noticed Blork the orc
  3531 | D:4      | Killed Blork the orc
  3646 | D:4      | Found a radiant altar of Vehumet.
  3691 | D:4      | Found an opulent altar of Gozag.
  3954 | D:5      | Reached skill level 6 in Unarmed Combat
  4181 | D:5      | Killed Duvessa
  4182 | D:5      | Reached XP level 8. HP: 73/83 MP: 7/7
  4188 | D:5      | Killed Dowan
  4189 | D:5      | Reached skill level 7 in Unarmed Combat
  4379 | D:5      | Found a bloodstained altar of Trog.
  4958 | D:6      | Reached skill level 8 in Unarmed Combat
  5016 | D:6      | Found a glowing drain.
  5028 | Sewer    | Entered a sewer
  5372 | Sewer    | Reached XP level 9. HP: 93/93 MP: 8/8
  5514 | D:6      | Noticed Prince Ribbit
  5517 | D:6      | Killed Prince Ribbit
  5947 | D:7      | Reached skill level 9 in Unarmed Combat
  6319 | D:7      | Found a white marble altar of Elyvilon.
  6964 | D:7      | Found a staircase to the Ecumenical Temple.
  7057 | Temple   | Entered the Ecumenical Temple
  7557 | D:7      | Found a shadowy altar of Dithmenos.
  7851 | D:8      | Noticed Maurice
  7851 | D:8      | Noticed Erica
  7877 | D:8      | Slain by Erica

Illustrated notes

Levels and vault maps discovered:
D:1:      dpeg_arrival_subterranean_lakeside_camping, layout_basic, minivault_4,
          hangedman_decor_push, minmay_tall_x
D:2:      layout_rooms, basic_altar, amcnicky_mini_corridor_feature,
          grunt_ministairs_7
D:3:      minmay_chambers_of_threes, layout_basic,
          dreamdust_ecumenical_altar_grove, nicolae_hexahallways
D:4:      layout_rooms, nicolae_vehumet_radiance, nicolae_gozag_seed_capital
D:5:      layout_basic, trog_hazing_becter, uniq_blork_the_orc, uniq_duvessa
D:6:      layout_basic, gup_sewer_entry_pipe, serial_bayou_lake_a,
          uniq_prince_ribbit1
D:7:      layout_layer_cave, nicolae_elyvilon_peaceful_grove,
          grunt_dithmenos_shadows, minmay_temple_entry_statues_pillars,
          serial_co_window_serial, co_window_paths_a, co_window_paths_b,
          co_window_paths_b, co_window_paths_a, co_window_paths_b,
          co_window_2corner, co_window_paths_c, co_window_broadway_b,
          co_window_corner_cb, co_window_cross_4, co_window_2corner,
          co_window_2corner, glass_columns_c, glass_columns_c, glass_columns_a,
          glass_columns_b, glass_columns_b, kennysheep_generic_room_3
D:8:      layout_loops_ring, mainiacjoe_overflow_six_doors_small,
          ebering_ghost_funeral_grove, uniq_psyche, uniq_maurice, uniq_grum,
          uniq_erica
Temple:   minmay_temple_forest_path

Skill      XL: |  1  2  3  4  5  6  7  8  9 |
---------------+----------------------------+-----
Fighting       | 3 4 5 6 7 8 |  8.5
Unarmed Combat | 3 4 5 6 8 9 |  9.9
Dodging        | |  2.4
Shields        | |  2.6

Action                     |  1- 3 |  4- 6 |  7- 9 || total
---------------------------+-------+-------+-------++-------
  Melee: Unarmed           |    97 |   234 |   349 ||   680
  Throw: Dart              |     2 |       |     6 ||     8
         Stone             |       |       |     4 ||     4
    Use: Potion            |       |     1 |     3 ||     4
         Scroll            |       |       |     7 ||     7
   Stab: Sleeping          |       |     3 |       ||     3
 Armour: Robe              |    29 |    69 |    50 ||   148
         Animal skin       |       |       |    84 ||    84
  Dodge: Dodged            |    29 |    70 |   102 ||   201
  Block: Kite shield       |    28 |    77 |   154 ||   259

Table legend: (Time is in decaauts)
 A = Elapsed time spent in this place.
 B = Non-inter-level travel time spent in this place.
 C = Inter-level travel time spent in this place.
 D = Time resting spent in this place.
 E = Time spent auto-exploring this place.
 F = Levels seen in this place.
 G = Mean time per level.
                   A        B        C        D        E       F      G
               +--------+--------+--------+--------+--------+-----+--------+
         Total |   7892 |   7409 |    483 |    118 |   5761 |  10 |  789.2 |
       Dungeon |   7091 |   6628 |    463 |    118 |   5178 |   8 |  886.4 |
        Temple |    376 |    356 |     20 |      0 |    343 |   1 |  376.0 |
         Sewer |    424 |    424 |      0 |      0 |    240 |   1 |  424.0 |
               +--------+--------+--------+--------+--------+-----+--------+

Top non-repeatable levels by time:
     D:7: 1522 daAuts
     D:3: 1221 daAuts
     D:1: 1067 daAuts
     D:4: 1038 daAuts
     D:6: 854 daAuts
     D:5: 693 daAuts
     D:2: 669 daAuts
   Sewer: 424 daAuts
  Temple: 376 daAuts
     D:8: 25 daAuts
